 Dungeon Crawl Stone Soup version 0.31-a0-854-g362426d53f (webtiles) character file.

Game seed: 11726166592152630111

13549 night the Skirmisher (level 11, -3/56 HPs)
             Began as a Spriggan Hexslinger on Oct 7, 2023.
             Was a High Priest of Dithmenos.
             Slain by a two-headed ogre
             ... wielding a +0 giant spiked club
              (22 damage)
             ... on level 11 of the Dungeon on Oct 8, 2023.
             The game lasted 00:37:40 (10365 turns).

night the Skirmisher (Spriggan Hexslinger)         Turns: 10365, Time: 00:37:40

Health: -3/56      AC: 13    Str:  6    XL:     11   Next: 77%
Magic:  25/25      EV: 16    Int: 16    God:    Dithmenos [*****.]
Gold:   802        SH:  0    Dex: 23    Spells: 12/28 levels left

rFire   + . .        n - +0 orcbow
rCold   . . .        (shield currently unavailable)
rNeg    . . .        L - +0 acid dragon scales
rPois   .            i - +2 hat
rElec   .            k - +0 cloak
rCorr   +            (gloves unavailable)
SInv    +            (boots unavailable)
Will    +....        (no amulet)
Stlth   ++           f - ring of wizardry
HPRegen 0.29/turn    C - ring "Waop Yfi" {rF+ AC+4 Str+2 Dex+2}
MPRegen 0.19/turn

%: wizardry (x1)
@: about to teleport, weak-willed, spiked, enlightened, flying, wreathed by
umbra, very quick
A: very small, no large weapons, unfitting armour, see invisible, speed 3
a: Renounce Religion, Shadow Step, Shadow Form


You were on level 11 of the Dungeon.
You worshipped Dithmenos.
Dithmenos was extremely pleased with you.
You visited 2 branches of the dungeon, and saw 12 of its levels.
You also visited: Ossuary.

You collected 802 gold pieces.

Inventory:

Hand Weapons
 n - a +0 orcbow (weapon)
Missiles
 a - a curare-tipped dart
 h - 72 stones
 r - a throwing net
 D - 4 darts of dispersal
 J - 9 boomerangs
 M - 37 poisoned darts
Armour
 c - a +0 robe
 g - a +0 buckler
 i - a +2 hat (worn)
 k - a +0 cloak (worn)
 L - +0 acid dragon scales (worn)
Jewellery
 f - a ring of wizardry (left hand)
 p - a ring of resist corrosion
 y - a ring of poison resistance
 z - a +6 ring of intelligence
 C - the ring "Waop Yfi" (right hand) {rF+ AC+4 Str+2 Dex+2}
   (You found it on level 4 of the Dungeon)

   [ring of protection]

   AC+4:      It affects your AC (+4).
   Str+2:     It affects your strength (+2).
   Dex+2:     It affects your dexterity (+2).
   rF+:       It protects you from fire.
 N - a ring of protection from fire
 O - a ring of positive energy
 R - a ring of positive energy
 U - an amulet of faith
Wands
 B - a wand of quicksilver (1)
 Q - a wand of roots (4)
 W - a wand of flame (10)
Scrolls
 b - 4 scrolls of poison
 d - a scroll of silence
 j - 2 scrolls of amnesia
 l - 4 scrolls of teleportation
 o - a scroll of vulnerability
 q - 2 scrolls of enchant armour
 w - a scroll of acquirement
 x - 4 scrolls of fear
 A - 2 scrolls of noise
 E - 5 scrolls of enchant weapon
 S - 2 scrolls of revelation
 X - a scroll of brand weapon
 Y - 2 scrolls of identify
Potions
 e - a potion of brilliance
 m - 4 potions of lignification
 s - a potion of attraction {unknown}
 u - 5 potions of curing
 v - a potion of ambrosia
 F - 3 potions of haste
 G - a potion of enlightenment
 H - a potion of heal wounds {unknown}
 I - a potion of cancellation {unknown}
 P - a potion of magic {unknown}
 T - a potion of berserk rage {unknown}
 V - a potion of resistance {unknown}
 Z - a potion of might {unknown}


   Skills:
 + Level 5.9 Fighting
 * Level 14.4 Ranged Weapons
 - Level 2.6 Dodging
 - Level 9.0 Spellcasting
 - Level 9.6 Hexes
 - Level 0.7 Fire Magic


You had 12 spell levels left.
You knew the following spells:

 Your Spells              Type           Power      Damage    Failure   Level
a - Jinxbite              Hex            76%        N/A       1%          2
b - Sigil of Binding      Hex            38%        N/A       1%          3
c - Inner Flame           Hex/Fire       23%        N/A       3%          3
d - Cause Fear            Hex            19%        N/A       1%          4
e - Dimensional Bullseye  Hex/Tloc       11%        N/A       12%         4

Your spell library contained the following spells:

 Spells                   Type           Power      Damage    Failure   Level
 Summon Guardian Golem    Hex/Summ       22%        N/A       3%          3
 Summon Small Mammal      Summ           28%        N/A       9%          1
 Call Canine Familiar     Summ           7%         N/A       24%         3
 Stone Arrow              Conj/Erth      14%        3d7       24%         3
 Animate Armour           Summ/Erth      14%        N/A       58%         4
 Lehudib's Crystal Spear  Conj/Erth      3%         10d3      100%        8


Dungeon Overview and Level Annotations

Branches:
Dungeon (11/15)            Temple (1/1) D:4            Lair (0/5) D:11
Ossuary (visited)
    Orc: D:9-12

Altars:
Ashenzari
Cheibriados
Dithmenos
Elyvilon
Fedhas
Gozag
Hepliaklqana
Kikubaaqudgha
Makhleb
Nemelex Xobeh
Okawaru
Qazlal
Ru
Sif Muna
Trog
Uskayaw
Vehumet
Wu Jian
Xom
Yredelemnul
Zin
The Shining One

Shops:
D:4 (


Innate Abilities, Weirdness & Mutations

You are very small and have problems with some larger weapons.
You are too small for most types of armour.
You have supernaturally acute eyesight. (SInv)
You cover ground extremely quickly. (Speed+++)


Message History

The arrow hits the manticore but does no damage.
The manticore is moderately wounded.
The manticore flicks its tail.
The volley of spikes hits you.
The barbed spikes become lodged in your body.
You shoot an arrow. The arrow hits the manticore.
The manticore is moderately wounded.
Your shadow shoots an arrow.
The arrow hits the manticore.
The manticore flicks its tail.
The volley of spikes hits you!
The barbed spikes become lodged in your body.
* * * LOW HITPOINT WARNING * * *
You are too injured to fight recklessly!
Casting: Jinxbite (safe; 1% risk of failure)
Confirm with . or Enter, or press ? or * to list all spells.
Casting: Cause Fear (dangerous; 1% risk of failure)
Press: ? - help, Dir - look around, f - activate The manticore looks frightened!
Okay, then.
You are confused.
You feel invigorated.
A two-headed ogre comes into view.
It is wielding a +0 giant spiked club and a +0 giant club.
Cornered, the manticore turns to fight!
You're too confused to move!
The manticore flicks its tail.
The volley of spikes hits you!
The barbed spikes become lodged in your body.
You're too confused to cast spells.
You feel less invigorated.
You feel less confused.
The manticore flicks its tail.
The volley of spikes hits you!
The barbed spikes become lodged in your body.
It was a potion of enlightenment.
You feel very buoyant.
You fly up into the air.
As you read the scroll of teleportation, it crumbles to dust.
You feel strangely unstable. The two-headed ogre closely misses you.
The two-headed ogre hits you with a +0 giant club!!
You die...

.### #........# .#
#........# .. .# #........#
.# .# #.......### # .#
.#### #.###.#<....# .#
....###.###.#.###.####H#
.......................
.......####...........#
.......####..........@#
....................O.#
.......####...........#
.......# #...........#
......## #....†......#
#.##...####.###.>.#..####
#.##.....##.# #.........##
#.###.##.##.###..........##
..# #.##.#..##............#


You could see a two-headed ogre and a manticore.

Vanquished Creatures
  Snorg (D:10)
  A two-headed ogre (D:10)
  4 lindwurms (D:10)
  Pikel (D:8)
  An ugly thing (D:11)
  A manticore (D:11)
  A cyclops (D:11)
  Maggie (D:8)
  Joseph (D:8)
  3 kobold demonologists (D:11)
  Jeremiah (D:6)
  2 hornets
  7 yaks
  2 wyverns
  2 wraiths
  3 steam dragons
  3 acid dragons
  2 water moccasins
  Duvessa (D:6)
  4 orc warriors
  A black bear (D:7)
  2 sky beasts
  A hornet zombie (Ossuary)
  An ice beast (D:5)
  A lemure (D:8)
  3 ogres
  4 centaurs
  A phantom (D:6)
  2 kobold brigands
  A bullfrog (D:6)
  A gnoll sergeant (D:9)
  A water moccasin zombie (Ossuary)
  17 wights
  Dowan (D:6)
  6 killer bees (D:10)
  A centaur zombie (Ossuary)
  Crazy Yiuf (D:2)
  5 hounds
  7 bullfrog zombies (Ossuary)
  A gnoll bouda (D:9)
  A jelly (D:4)
  6 orc priests
  3 sleepcaps (D:5)
  Jessica (D:2)
  2 iguanas (D:5)
  2 orc wizards
  12 mummies (Ossuary)
  Robin (D:2)
  4 howler monkey zombies (Ossuary)
  10 gnolls
  8 adders
  3 ufetubi
  A worm zombie (D:8)
  2 dart slugs
  40 orcs
  2 bats (D:1)
  8 endoplasms
  10 goblins
  12 hobgoblins
  5 jackals
  14 kobolds
  3 quokkas
  3 ball pythons
  A frilled lizard (D:2)
  2 rats
256 creatures vanquished.

Notes
Turn   | Place    | Note
-------+----------+-------------------------------------------
     0 | D:1      | night the Spriggan Hexslinger began the quest for the Orb.
     0 | D:1      | Reached XP level 1. HP: 9/9 MP: 3/3
   153 | D:1      | Reached XP level 2. HP: 14/14 MP: 5/5
   156 | D:1      | Learned a level 2 spell: Jinxbite
   200 | D:1      | Reached skill level 2 in Spellcasting
   639 | D:2      | Noticed Jessica
   647 | D:2      | Killed Jessica
   648 | D:2      | Reached skill level 3 in Ranged Weapons
   648 | D:2      | Reached XP level 3. HP: 17/17 MP: 7/7
   739 | D:2      | Noticed Robin
   766 | D:2      | Reached XP level 4. HP: 20/21 MP: 8/8
   796 | D:2      | Killed Robin
   916 | D:2      | Found a runed translucent door.
   917 | D:2      | Noticed Crazy Yiuf
   959 | D:2      | Killed Crazy Yiuf
  1367 | D:3      | Reached XP level 5. HP: 24/25 MP: 10/10
  1375 | D:3      | Learned a level 3 spell: Sigil of Binding
  1448 | D:3      | Reached skill level 4 in Ranged Weapons
  1921 | D:4      | Noticed an ogre
  1937 | D:4      | Killed an ogre
  1938 | D:4      | Reached skill level 5 in Hexes
  2048 | D:4      | Found a staircase to the Ecumenical Temple.
  2068 | Temple   | Entered the Ecumenical Temple
  2078 | Temple   | Became a worshipper of Dithmenos the Shadowed
  2221 | D:4      | Found Laki's Weapon Boutique.
  2239 | D:4      | Reached XP level 6. HP: 29/29 MP: 12/12
  2251 | D:4      | Identified the ring "Waop Yfi" {rF+ AC+4 Str+2 Dex+2}
  2743 | D:5      | Entered Level 5 of the Dungeon
  2798 | D:5      | Reached * piety under Dithmenos
  2799 | D:5      | Reached skill level 5 in Ranged Weapons
  3164 | D:5      | Reached XP level 7. HP: 32/32 MP: 11/14
  3693 | D:5      | Reached skill level 6 in Ranged Weapons
  3937 | D:5      | Reached skill level 5 in Spellcasting
  4058 | D:6      | You fall into a shaft and drop 2 floors!
  4111 | D:8      | Noticed Pikel
  4172 | D:8      | Killed Pikel
  4173 | D:8      | Reached skill level 7 in Ranged Weapons
  4173 | D:8      | Reached XP level 8. HP: 9/37 MP: 15/18
  4207 | D:8      | Found a sand-covered staircase.
  4227 | Ossuary  | Entered an ossuary
  4381 | Ossuary  | Upgraded the game from 0.31-a0-851-g7ff8af7976 to
                  | 0.31-a0-854-g362426d53f
  4385 | Ossuary  | Learned a level 3 spell: Inner Flame
  4418 | Ossuary  | Reached ** piety under Dithmenos
  4461 | Ossuary  | Reached skill level 8 in Ranged Weapons
  5012 | D:8      | Reached XP level 9. HP: 27/40 MP: 20/20
  5214 | D:8      | Reached skill level 9 in Ranged Weapons
  5257 | D:8      | Noticed Joseph
  5268 | D:8      | Killed Joseph
  5365 | D:8      | Noticed Maggie
  5394 | D:8      | Killed Maggie
  5688 | D:8      | Reached skill level 10 in Ranged Weapons
  6069 | D:7      | Identified a scroll of acquirement
  6142 | D:7      | Reached *** piety under Dithmenos
  6649 | D:6      | Reached XP level 10. HP: 44/44 MP: 23/23
  6784 | D:6      | Noticed Dowan
  6880 | D:6      | Killed Dowan
  6907 | D:6      | Noticed Duvessa
  6920 | D:6      | Killed Duvessa
  6996 | D:6      | Found a white marble altar of Elyvilon.
  6999 | D:6      | Found a stormy altar of Qazlal.
  7001 | D:6      | Found a radiant altar of Vehumet.
  7002 | D:6      | Found a shimmering altar of Xom.
  7003 | D:6      | Found a blossoming altar of Fedhas.
  7004 | D:6      | Found a glowing silver altar of Zin.
  7078 | D:6      | Noticed Jeremiah
  7087 | D:6      | Killed Jeremiah
  7245 | D:6      | Learned a level 4 spell: Cause Fear
  7362 | D:9      | Reached skill level 1 in Fighting
  7444 | D:9      | Reached skill level 11 in Ranged Weapons
  7677 | D:9      | Identified the +0 scale mail "Ysmiun" {Rampage}
  7721 | D:9      | Reached skill level 2 in Fighting
  7766 | D:9      | Found a broken altar of Ashenzari.
  7842 | D:9      | Reached **** piety under Dithmenos
  8143 | D:9      | Reached skill level 12 in Ranged Weapons
  8404 | D:10     | Entered Level 10 of the Dungeon
  8404 | D:10     | Found a sparkling altar of Nemelex Xobeh.
  8410 | D:10     | Learned a level 4 spell: Dimensional Bullseye
  8413 | D:10     | Noticed a two-headed ogre
  8423 | D:10     | Killed a two-headed ogre
  8500 | D:10     | Reached XP level 11. HP: 50/53 MP: 13/25
  8731 | D:10     | Found a snail-covered altar of Cheibriados.
  8760 | D:10     | Reached ***** piety under Dithmenos
  9134 | D:10     | Noticed a lindwurm
  9136 | D:10     | Noticed a lindwurm
  9140 | D:10     | Noticed a lindwurm
  9153 | D:10     | Killed a lindwurm
  9153 | D:10     | Killed a lindwurm
  9153 | D:10     | Killed a lindwurm
  9154 | D:10     | Reached skill level 13 in Ranged Weapons
  9160 | D:10     | Noticed a lindwurm
  9214 | D:10     | Killed a lindwurm
  9358 | D:10     | Reached skill level 5 in Fighting
  9721 | D:10     | Noticed Snorg
  9751 | D:10     | Killed Snorg
  9979 | D:11     | Reached skill level 14 in Ranged Weapons
 10122 | D:11     | Found a staircase to the Lair.
 10159 | D:11     | Identified the +7 sling "Ecejei" {heavy, rElec rC+ SInv}
 10312 | D:11     | Noticed a brown ugly thing
 10322 | D:11     | Killed a brown ugly thing
 10358 | D:11     | Noticed a two-headed ogre
 10365 | D:11     | Slain by a two-headed ogre

Illustrated notes

Levels and vault maps discovered:
D:1:      lemuel_arrival_behind_the_door_large, layout_basic
D:2:      layout_rooms, uniq_jessica, uniq_crazy_yiuf_cottage, uniq_robin
D:3:      layout_basic, kennysheep_doodads
D:4:      layout_basic, temple_pool_b, serial_shops,
          nicolae_shop_bloodbath_and_beyond
D:5:      layout_basic
D:6:      layout_cave_pools, grunt_temple_overflow_open,
          kennysheep_decorative_pillar, uniq_duvessa, uniq_jeremiah
D:7:      layout_loops_ring
D:8:      layout_loops_ring, enter_bailey_2, enter_ossuary_3,
          patterned_corridor, uniq_maggie, uniq_joseph, uniq_pikel
D:9:      layout_roguey [special_room_orc], mainiacjoe_overflow_surrounded_room,
          grunt_ministairs_3, nicolae_twisty_statue_hallways
D:10:     layout_gridville, mainiacjoe_overflow_24_doors,
          nemelex_xobeh_ov_fountains_minmay, minmay_lindwurm_lava, uniq_snorg
D:11:     layout_rooms, dpeg_oklobed_lair, demons_altar
Temple:   hellmonk_temple_forest_ring

Skill      XL: |  1  2  3  4  5  6  7  8  9 10 11 |
---------------+----------------------------------+-----
Spellcasting   | 2 3 4 6 7 8 9 |  9.0
Hexes          | 4 5 6 7 9 |  9.6
Ranged Weapons | 3 4 5 7 8 10 12 14 | 14.4
Fighting       | 3 5 |  5.9
Dodging        | |  2.6
Fire Magic     | |  0.7

Action                     |  1- 3 |  4- 6 |  7- 9 | 10-12 || total
---------------------------+-------+-------+-------+-------++-------
  Melee: Sling             |       |       |     3 |       ||     3
   Fire: Sling             |    65 |   199 |   369 |       ||   633
         Orcbow            |       |       |   142 |   441 ||   583
   Cast: Jinxbite          |     2 |     7 |    25 |    26 ||    60
         Sigil of Binding  |       |       |     2 |     3 ||     5
         Inner Flame       |       |       |       |    13 ||    13
         Dimensional Bulls |       |       |       |     5 ||     5
         Cause Fear        |       |       |       |     2 ||     2
    Use: Scroll            |       |     5 |     7 |     5 ||    17
         Potion            |       |       |     3 |     2 ||     5
 Armour: Robe              |    11 |    35 |    91 |       ||   137
         Skin              |       |       |    22 |       ||    22
         Acid dragon scale |       |       |    17 |   117 ||   134
  Dodge: Dodged            |    29 |    92 |   241 |   209 ||   571
  Block: Buckler           |     6 |    19 |    36 |       ||    61

Table legend: (Time is in decaauts)
 A = Elapsed time spent in this place.
 B = Non-inter-level travel time spent in this place.
 C = Inter-level travel time spent in this place.
 D = Time resting spent in this place.
 E = Time spent auto-exploring this place.
 F = Levels seen in this place.
 G = Mean time per level.
                   A        B        C        D        E       F      G
               +--------+--------+--------+--------+--------+-----+--------+
         Total |   7881 |   7547 |    334 |    965 |   4346 |  13 |  606.2 |
       Dungeon |   7303 |   6969 |    334 |    807 |   4247 |  11 |  663.9 |
        Temple |     13 |     13 |      0 |      2 |      0 |   1 |   13.0 |
       Ossuary |    564 |    564 |      0 |    156 |     99 |   1 |  564.0 |
               +--------+--------+--------+--------+--------+-----+--------+

Top non-repeatable levels by time:
    D:10: 1218 daAuts
     D:8: 1069 daAuts
     D:5: 1034 daAuts
     D:9: 816 daAuts
 Ossuary: 564 daAuts
     D:4: 559 daAuts
     D:3: 497 daAuts
     D:2: 482 daAuts
     D:6: 450 daAuts
     D:7: 434 daAuts
     D:1: 374 daAuts
    D:11: 366 daAuts
  Temple: 13 daAuts
